 Dungeon Crawl Stone Soup version 0.28.0-45-g0d030f2227 (webtiles) character file.

Game seed: 5935246279607299175

243 Ablot the Grasshopper (level 6, -2/50 HPs)
             Began as a Gnoll Warper on Apr 6, 2022.
             Killed from afar by Pikel (12 damage)
             ... with a puff of flame
             ... on level 4 of the Dungeon.
             The game lasted 00:05:24 (4814 turns).

Ablot the Grasshopper (Gnoll Warper)                Turns: 4814, Time: 00:05:25

Health: -2/50      AC:  3    Str: 13    XL:     6   Next: 9%
Magic:  13/13      EV: 13    Int: 12    God:
Gold:   211        SH:  0    Dex: 11    Spells: 12/15 levels left

rFire   . . .      SeeInvis .   a - +0 spear
rCold   . . .      Faith    .   (no shield)
rNeg    . . .      Spirit   .   b - +0 leather armour
rPois   .          Reflect  .   (no helmet)
rElec   .          Harm     .   (no cloak)
rCorr   .          Rampage  .   (no gloves)
Will    .....                   (no boots)
Stlth   +.........              (no amulet)
HPRegen 0.16/turn               p - ring of wizardry
MPRegen 0.13/turn               (no ring)

@: no status effects
A: fangs 1, strong nose, distributed training
a: no special abilities


You were on level 4 of the Dungeon.
You visited 1 branch of the dungeon, and saw 4 of its levels.

You collected 211 gold pieces.

Inventory:

Hand Weapons
 a - a +0 spear (weapon)
Missiles
 d - 4 boomerangs of dispersal
 e - 155 stones
 o - 56 arrows
 r - 5 poisoned darts (quivered)
 s - 45 sling bullets
Armour
 b - a +0 leather armour (worn)
Jewellery
 i - a ring of fire
 p - a ring of wizardry (left hand)
Scrolls
 c - a scroll of blinking
 h - a scroll of immolation {unknown}
 k - 3 scrolls of identify {unknown}
 n - a scroll of enchant weapon {unknown}
 t - a scroll of amnesia {unknown}
 v - a scroll of noise {unknown}
Potions
 f - 2 potions of attraction {unknown}
 g - 2 potions of brilliance {unknown}
 j - a potion of haste {unknown}
 l - a potion of might {unknown}
 m - a potion of curing {unknown}
 q - 2 potions of mutation {unknown}
 u - 2 potions of heal wounds {unknown}


   Skills:
 + Level 4.9 Fighting
 + Level 1.8 Short Blades
 + Level 1.8 Long Blades
 + Level 1.8 Axes
 + Level 1.8 Maces & Flails
 + Level 4.9 Polearms
 + Level 1.8 Staves
 + Level 1.8 Slings
 + Level 1.8 Bows
 + Level 1.8 Crossbows
 + Level 3.1 Throwing
 + Level 3.1 Armour
 + Level 4.9 Dodging
 + Level 1.8 Stealth
 + Level 1.8 Shields
 + Level 1.8 Unarmed Combat
 + Level 5.3 Spellcasting
 + Level 1.4 Conjurations
 + Level 1.4 Hexes
 + Level 1.4 Summonings
 + Level 1.4 Necromancy
 + Level 5.6 Translocations
 + Level 1.4 Transmutations
 + Level 1.4 Fire Magic
 + Level 1.4 Ice Magic
 + Level 1.4 Air Magic
 + Level 1.4 Earth Magic
 + Level 1.4 Poison Magic
 + Level 2.0 Invocations
 + Level 1.8 Evocations


You had 12 spell levels left.
You knew the following spells:

 Your Spells              Type           Power      Damage    Failure   Level
a - Blink                 Tloc           32%        N/A       1%          2
b - Apportation           Tloc           32%        N/A       1%          1

Your spell library contained the following spells:

 Spells                   Type           Power      Damage    Failure   Level
 Gell's Gravitas          Tloc           16%        N/A       3%          3
 Lesser Beckoning         Tloc           16%        N/A       3%          3
 Teleport Other           Tloc           16%        N/A       3%          3
 Animate Skeleton         Necr           12%        N/A       6%          1
 Foxfire                  Conj/Fire      24%        2x1d5     6%          1
 Summon Small Mammal      Summ           24%        N/A       6%          1
 Conjure Flame            Conj/Fire      6%         6-21      16%         3
 Inner Flame              Hex/Fire       6%         N/A       16%         3
 Manifold Assault         Tloc           16%        N/A       26%         5
 Flame Wave               Conj/Fire      6%         2d5       45%         4


Dungeon Overview and Level Annotations

Branches:
Dungeon (4/15)
 Temple: D:4-7

Altars:
Dithmenos
Qazlal

Annotations:
D:4 Blork the orc, Eustachio, Pikel


Innate Abilities, Weirdness & Mutations

You have very sharp teeth.
Your uncanny sense of smell can sniff out nearby items.
Your experience applies equally to all skills.


Message History

A hobgoblin comes into view.
The hobgoblin throws a stone.
The stone hits you.
You reach to attack!
You hit the hobgoblin but do no damage.
The hobgoblin throws a stone.
The stone closely misses you.
You reach to attack!
You hit the hobgoblin.
The hobgoblin is severely wounded.
You barely miss the hobgoblin. Your bite misses the hobgoblin.
The hobgoblin is severely wounded.
The hobgoblin hits you but does no damage.
You hit the hobgoblin.
You kill the hobgoblin!
No target in view!
No target in view!
e - 155 stones (gained 36)
You now have 211 gold pieces (gained 14).
You see here a hobgoblin corpse.
A lemure comes into view.
The lemure shouts! x2
Throw: 7 darts (poison)
Press: ? - help, Q - select action, (/) - cycle Shift-Dir - straight line, f - Pikel
Aim: Pikel, wielding a +1 whip of electrocution, wearing a +0 robe and carrying a wand of flame (25) (wandering, hasn't noticed you, 51% to hit)
You throw a poisoned dart. The poisoned dart closely misses Pikel.
Pikel shouts!
The lemure shouts!
Throw: 6 darts (poison)
Press: ? - help, Q - select action, (/) - cycle Shift-Dir - straight line, f/p - Pikel
Aim: Pikel, wielding a +1 whip of electrocution, wearing a +0 robe and carrying a wand of flame (25) (51% to hit)
You throw a poisoned dart. The poisoned dart closely misses Pikel.
Pikel zaps a wand.
The puff of flame hits you! The lemure hits you. The lemure hits you!
The lemure hits you!
Pikel hits you with a +1 whip of electrocution!
* * * LOW HITPOINT WARNING * * *
The lemure barely misses you. Pikel completely misses you.
The lemure hits you but does no damage. The lemure closely misses you.
Pikel closely misses you.
Pikel zaps a wand.
The puff of flame hits you!
You die...

.....#..## ##.......
.......... .......
.....##..####......
####.#..........#'#
.....#.#..#.##..#.#
##...#.#........#.#
.#............K...# ###
.....#..........#<#....#
.#...........555@....#
.#....†.....#..##.#.##
.#.###......#..##.#...
.#......#...#..##.# ###
.#.#.##.....#..##..
.#.#.###..#.#..####
...#.. .......#
...#####..#.##.#
.............


You could see Pikel and 3 lemures.

Vanquished Creatures
  A centaur (D:4)
  An orc priest (D:4)
  A hound skeleton (D:4)
  3 adders
  2 worms (D:2)
  4 dart slugs
  6 orcs
  4 bats
  6 endoplasms
  3 giant cockroaches
  7 goblins
  8 hobgoblins
  4 jackals (D:1)
  5 kobolds
  A quokka (D:1)
  10 ball pythons
  3 frilled lizards
  10 rats
79 creatures vanquished.

Notes
Turn   | Place    | Note
-------+----------+-------------------------------------------
     0 | D:1      | Ablot the Gnoll Warper began the quest for the Orb.
     0 | D:1      | Reached XP level 1. HP: 20/20 MP: 6/6
   204 | D:1      | Reached XP level 2. HP: 9/26 MP: 7/7
   748 | D:1      | Reached XP level 3. HP: 31/31 MP: 9/9
   953 | D:1      | Reached skill level 5 in Spellcasting
  1165 | D:1      | Reached skill level 1 in Invocations
  1728 | D:2      | Reached skill level 1 in Short Blades
  1728 | D:2      | Reached skill level 1 in Long Blades
  1728 | D:2      | Reached skill level 1 in Axes
  1728 | D:2      | Reached skill level 1 in Maces & Flails
  1728 | D:2      | Reached skill level 1 in Staves
  1728 | D:2      | Reached skill level 1 in Slings
  1728 | D:2      | Reached skill level 1 in Bows
  1728 | D:2      | Reached skill level 1 in Crossbows
  1728 | D:2      | Reached skill level 1 in Stealth
  1728 | D:2      | Reached skill level 1 in Shields
  1728 | D:2      | Reached skill level 1 in Unarmed Combat
  1728 | D:2      | Reached skill level 1 in Evocations
  1925 | D:2      | Reached XP level 4. HP: 38/38 MP: 11/11
  2173 | D:2      | Learned a level 2 spell: Blink
  3171 | D:3      | Reached skill level 1 in Conjurations
  3171 | D:3      | Reached skill level 1 in Hexes
  3171 | D:3      | Reached skill level 1 in Summonings
  3171 | D:3      | Reached skill level 1 in Necromancy
  3171 | D:3      | Reached skill level 1 in Transmutations
  3171 | D:3      | Reached skill level 1 in Fire Magic
  3171 | D:3      | Reached skill level 1 in Ice Magic
  3171 | D:3      | Reached skill level 1 in Air Magic
  3171 | D:3      | Reached skill level 1 in Earth Magic
  3171 | D:3      | Reached skill level 1 in Poison Magic
  3373 | D:3      | Found a stormy altar of Qazlal.
  3373 | D:3      | Found a shadowy altar of Dithmenos.
  3554 | D:3      | Learned a level 1 spell: Apportation
  3716 | D:4      | Noticed Blork the orc
  4121 | D:3      | Reached XP level 5. HP: 41/43 MP: 12/12
  4435 | D:4      | Noticed Eustachio
  4451 | D:4      | Noticed a lemure
  4452 | D:4      | Noticed a lemure
  4453 | D:4      | Noticed a lemure
  4557 | D:4      | Noticed a centaur
  4572 | D:4      | Killed a centaur
  4573 | D:4      | Reached XP level 6. HP: 32/50 MP: 13/13
  4763 | D:4      | Noticed Pikel
  4814 | D:4      | Killed from afar by Pikel

Illustrated notes

Levels and vault maps discovered:
D:1:      dpeg_arrival_circle_labyrinth_c, layout_basic, st_stairs_10
D:2:      layout_basic, minmay_tetromino_l2
D:3:      layout_basic, jmf_multi_god_temple
D:4:      layout_basic, kennysheep_generic_room_10, uniq_blork_the_orc,
          uniq_eustachio, uniq_pikel

Skill      XL: |  1  2  3  4  5 |
---------------+----------------+-----
Spellcasting   | 5 |  5.3
Invocations    | 1 2 |  2.0
Short Blades   | 1 |  1.8
Long Blades    | 1 |  1.8
Axes           | 1 |  1.8
Maces & Flails | 1 |  1.8
Staves         | 1 |  1.8
Slings         | 1 |  1.8
Bows           | 1 |  1.8
Crossbows      | 1 |  1.8
Stealth        | 1 |  1.8
Shields        | 1 |  1.8
Unarmed Combat | 1 |  1.8
Evocations     | 1 |  1.8
Conjurations   | 1 |  1.4
Hexes          | 1 |  1.4
Summonings     | 1 |  1.4
Necromancy     | 1 |  1.4
Transmutations | 1 |  1.4
Fire Magic     | 1 |  1.4
Ice Magic      | 1 |  1.4
Air Magic      | 1 |  1.4
Earth Magic    | 1 |  1.4
Poison Magic   | 1 |  1.4
Throwing       | 3 |  3.1
Armour         | 3 |  3.1
Fighting       | |  4.9
Polearms       | |  4.9
Dodging        | |  4.9
Translocations | |  5.6

Action                   |  1- 3 |  4- 6 || total
-------------------------+-------+-------++-------
Melee: Spear             |   164 |   186 ||   350
       Bite              |     9 |    18 ||    27
       Punch             |     4 |     2 ||     6
Throw: Boomerang         |       |     1 ||     1
       Dart              |       |     2 ||     2
 Stab: Sleeping          |     1 |     1 ||     2
Armor: Leather armour    |    24 |    35 ||    59
Dodge: Dodged            |    53 |    94 ||   147
